 Dungeon Crawl Stone Soup version 0.28-a0-1233-g92def6ad0a (webtiles) character file.

Game seed: 1994515554674878195

6969 Grim the Spear-Bearer (level 11, -1/89 HPs)
             Began as a Formicid Fighter on Dec 23, 2021.
             Was a Priest of Okawaru.
             Slain by a deep troll (4 damage)
             ... on level 15 of the Dungeon.
             The game lasted 00:25:49 (13503 turns).

Grim the Spear-Bearer (Formicid Fighter)           Turns: 13503, Time: 00:25:50

Health: -1/89      AC: 12    Str: 22    XL:     11   Next: 28%
Magic:  11/11      EV: 11    Int:  7    God:    Okawaru [***...]
Gold:   496        SH: 10    Dex: 14    Spells: 6/10 levels left

rFire   + + .      SeeInvis +   a - +0 trident
rCold   + . .      Faith    .   c - +0 buckler
rNeg    + . .      Spirit   .   m - +4 ring mail of Liberty {*Slow rElec rF++ rC+}
rPois   +          Reflect  +   (helmet unavailable)
rElec   +          Harm     .   B - +0 cloak
rCorr   .          Rampage  .   (no gloves)
Will    +....                   v - +0 pair of boots
Stlth   +.........              n - amulet of reflection
HPRegen 0.24/turn               h - ring of positive energy
MPRegen 0.12/turn               (no ring)

@: spiked
A: permanent stasis, dig shafts and tunnels, antennae 3, four strong arms,
talons 2, poison resistance
a: Dig, Shaft Self, Renounce Religion, Heroism


You were on level 15 of the Dungeon.
You worshipped Okawaru.
Okawaru was most pleased with you.
You visited 2 branches of the dungeon, and saw 14 of its levels.

You collected 496 gold pieces.

Inventory:

Hand Weapons
 a - a +0 trident (weapon)
Missiles
 j - a curare-tipped dart
 k - 2 throwing nets (quivered)
 t - 33 poisoned darts
Armour
 b - a +0 scale mail
 c - a +0 buckler (worn)
 m - the +4 ring mail of Liberty (worn) {*Slow rElec rF++ rC+}
   (You found it on level 4 of the Dungeon)

   rF:        It greatly protects you from fire.
   rC:        It protects you from cold.
   rElec:     It insulates you from electricity.
   *Slow:     It may slow you when you take damage.
 v - a +0 pair of boots (worn)
 B - a +0 cloak (worn)
Jewellery
 h - a ring of positive energy (left hand)
 n - an amulet of reflection (around neck)
Wands
 l - a wand of digging (3)
 y - a wand of iceblast (8)
 z - a wand of flame (17)
Scrolls
 d - a scroll of enchant armour {unknown}
 f - a scroll of holy word {unknown}
 g - 2 scrolls of fog {unknown}
 i - 2 scrolls of blinking {unknown}
 o - 3 scrolls of noise {unknown}
 p - a scroll of brand weapon {unknown}
 r - a scroll of acquirement {unknown}
 w - 8 scrolls of teleportation {unknown}
Potions
 e - a potion of might
 q - 2 potions of attraction
 s - 2 potions of curing {unknown}
 u - a potion of brilliance {unknown}
 x - a potion of heal wounds
 A - a potion of cancellation {unknown}
 C - a potion of magic {unknown}
 D - a potion of lignification {unknown}
 E - a potion of ambrosia {unknown}


   Skills:
 * Level 9.1 Fighting
 - Level 10.8 Polearms
 - Level 3.2 Armour
 - Level 0.8 Dodging
 - Level 4.0 Shields
 + Level 6.7 Conjurations
 + Level 4.3 Air Magic
 - Level 5.0 Poison Magic


You had 6 spell levels left.
You knew the following spells:

 Your Spells              Type           Power      Damage    Failure   Level
a - Mephitic Cloud        Conj/Pois/Air  7%         N/A       24%         3
b - Magic Dart            Conj           36%        1d4       4%          1

Your spell library contained the following spells:

 Spells                   Type           Power      Damage    Failure   Level
 Shock                    Conj/Air       28%        1d4       8%          1
 Static Discharge         Conj/Air       7%         N/A       12%         2
 Conjure Flame            Conj/Fire      4%         6-21      50%         3
 Apportation              Tloc           0%         N/A       58%         1
 Ignite Poison            Fire/Tmut/Pois 2%         N/A       73%         3
 Airstrike                Air            3%         N/A       77%         4
 Sticky Flame             Conj/Fire      4%         2d3       88%         4
 Dispel Undead            Necr           0%         3d6       100%        4
 Borgnjor's Revivificati  Necr           0%         N/A       100%        8
 Necromutation            Tmut/Necr      0%         N/A       100%        8
 Death's Door             Necr           0%         N/A       100%        9
 Swiftness                Air            Unusable   N/A       N/A         3
 Animate Skeleton         Necr           Unusable   N/A       N/A         1
 Summon Small Mammal      Summ           Unusable   N/A       N/A         1
 Call Imp                 Summ           Unusable   N/A       N/A         2

Dungeon Overview and Level Annotations

Branches:
Dungeon (15/15)            Temple (1/1) D:7            Lair (0/6) D:9
    Orc: D:9-12      Vaults: D:13-14     Depths: D:15

Altars:
Ashenzari
Cheibriados
Dithmenos
Gozag
Hepliaklqana
Kikubaaqudgha
Makhleb
Nemelex Xobeh
Okawaru
Qazlal
Ru
Sif Muna
Uskayaw
Wu Jian
Xom
Yredelemnul
Zin

Shops:
D:1 :   D:4 =   D:6 [

Annotations:
D:5 2 transporters, Trumph21's ghost, amateur DEFE


Innate Abilities, Weirdness & Mutations

You cannot be hasted, slowed, berserked, paralysed or teleported.
You can dig through walls and to a lower floor.
You have a pair of large antennae on your head. (SInv)
Your four strong arms can wield two-handed weapons with a shield.
You have razor-sharp toenails.
Your system is resistant to poisons. (rPois)


Message History

You hear a shout!
Your Fighting skill increases to level 9!
Unknown command.
The orc shouts!
You hit the boulder beetle.
The boulder beetle is lightly wounded.
You are covered in liquid flames!
You hear a shout!
The manticore flicks its tail.
The volley of spikes misses you.
A centaur warrior comes into view.
You block the boulder beetle's attack.
The boulder beetle stops rolling and uncurls.
You hit the boulder beetle but do no damage.
The boulder beetle is lightly wounded.
You are covered in liquid flames!
The centaur warrior wields a +0 shortbow.
The centaur warrior shoots an arrow.
You reflect the arrow off an invisible shield around you!
The arrow hits the centaur warrior!
The deep troll bites you but does no damage.
The deep troll claws you!
* * * LOW HITPOINT WARNING * * *
The deep troll claws you!
* * * LOW HITPOINT WARNING * * *
The efreet gestures at you. The bolt of fire hits you. You resist.
* * * LOW HITPOINT WARNING * * *
The boulder beetle bites you but does no damage.
Unknown command.
You feel much better.
You are covered in liquid flames!
* * * LOW HITPOINT WARNING * * *
You are no longer on fire.
The centaur warrior shoots an arrow.
You reflect the arrow off an invisible shield around you!
The arrow hits the centaur warrior!
The deep troll bites you!
* * * LOW HITPOINT WARNING * * *
The deep troll claws you.
You die...

.. ......... ...
#..#..... ....
#..#.....(#
....###..........
......#...........
............#.....
........B......c..
.....Re.@...).....
...°○...T.........
○.....H...........
..................
..................
...o.o.o#.#.......
.......##.........
....... ..........
....... .....#.###


You could see a boulder beetle, an orc knight, a centaur warrior, a deep troll,
a manticore, a deep elf pyromancer, an efreet and 2 orcs.

Vanquished Creatures
  A centaur warrior (D:15)
  Pikel (D:8)
  Psyche (D:9)
  A troll (D:6)
  A hornet (D:7)
  6 yaks
  Eustachio (D:6)
  A vampire mosquito (D:7)
  An acid dragon (D:9)
  A water moccasin (D:6)
  3 sky beasts
  2 ice beasts (D:6)
  2 necrophages
  2 orc warriors
  3 ogres
  8 centaurs
  3 kobold brigands
  2 bullfrogs
  A wyvern zombie (D:3)
  11 scorpions
  5 wights
  4 howler monkeys
  A bullfrog zombie (D:6)
  3 hounds
  A gnoll shaman (D:7)
  2 jellies
  2 orc priests (D:7)
  2 bullfrog skeletons
  Jessica (D:2)
  3 iguanas
  5 orc wizards
  A killer bee zombie (D:6)
  4 howler monkey zombies
  Robin (D:2)
  3 gnolls
  8 adders
  4 white imps
  2 worms (D:2)
  A dart slug (D:4)
  17 orcs
  7 ball pythons
  15 bats
  5 endoplasms
  5 giant cockroaches
  18 goblins
  8 hobgoblins
  2 jackals (D:2)
  17 kobolds
  4 quokkas
  6 frilled lizards
  13 rats
222 creatures vanquished.

Vanquished Creatures (others)
  A boggart (D:14)
  17 fungi
  3 plants
21 creatures vanquished.

Grand Total: 243 creatures vanquished

Notes
Turn   | Place    | Note
-------+----------+-------------------------------------------
     0 | D:1      | Grim the Formicid Fighter began the quest for the Orb.
     0 | D:1      | Reached XP level 1. HP: 18/18 MP: 1/1
    57 | D:1      | Reached XP level 2. HP: 19/24 MP: 2/2
   115 | D:1      | Found Zyfasug's Book Shop.
   592 | D:1      | Reached XP level 3. HP: 29/29 MP: 3/3
   814 | D:1      | Reached skill level 3 in Polearms
  1018 | D:2      | Reached XP level 4. HP: 30/35 MP: 4/4
  1260 | D:2      | Noticed Robin
  1268 | D:2      | Killed Robin
  1277 | D:2      | Reached skill level 4 in Polearms
  1623 | D:2      | Found a faded altar of an unknown god.
  1663 | D:2      | Reached XP level 5. HP: 41/41 MP: 5/5
  1740 | D:2      | Noticed Jessica
  1759 | D:2      | Killed Jessica
  2065 | D:2      | Learned a level 3 spell: Mephitic Cloud
  2183 | D:3      | Reached skill level 5 in Polearms
  2473 | D:3      | Reached XP level 6. HP: 20/47 MP: 6/6
  3007 | D:4      | Found Poeshogu's Jewellery Emporium.
  3051 | D:4      | Reached skill level 1 in Poison Magic
  3061 | D:4      | Noticed a sky beast
  3087 | D:3      | Gained mutation: Your system is resistant to poisons.
                  | (rPois) [potion of mutation]
  3087 | D:3      | Gained mutation: You are weak. (Str -2) [potion of
                  | mutation]
  3087 | D:3      | Gained mutation: Your body sometimes deteriorates upon
                  | taking damage. [potion of mutation]
  3103 | D:4      | Killed a sky beast
  3104 | D:4      | Reached skill level 6 in Polearms
  3104 | D:4      | Reached XP level 7. HP: 13/52 MP: 7/7
  3769 | D:4      | Identified the +4 ring mail of Liberty {*Slow rElec rF++
                  | rC+}
  4282 | D:4      | Reached skill level 7 in Polearms
  4600 | D:5      | Entered Level 5 of the Dungeon
  4633 | D:4      | Reached XP level 8. HP: 7/58 MP: 8/8
  4910 | D:5      | Found a transporter.
  5157 | D:5      | Found a transporter.
  5162 | D:5      | Noticed Trumph21's ghost (amateur DEFE)
  5207 | D:5      | Reached skill level 8 in Polearms
  5207 | D:5      | Reached skill level 5 in Poison Magic
  5684 | D:6      | Reached skill level 1 in Conjurations
  5880 | D:6      | Reached skill level 9 in Polearms
  6062 | D:6      | Reached XP level 9. HP: 34/64 MP: 9/9
  6398 | D:6      | Lost mutation: Your body sometimes deteriorates upon taking
                  | damage. [potion of mutation]
  6398 | D:6      | Gained mutation: You do not regenerate when monsters are
                  | visible. [potion of mutation]
  6399 | D:6      | Lost mutation: You do not regenerate when monsters are
                  | visible. [potion of mutation]
  6399 | D:6      | Gained mutation: You have hidden genetic potential. [potion
                  | of mutation]
  6399 | D:6      | Lost mutation: You are weak. (Str -2) [potion of mutation]
  6447 | D:6      | Noticed Eustachio
  6468 | D:6      | Killed Eustachio
  6993 | D:6      | Reached skill level 10 in Polearms
  7142 | D:6      | Found Irisamu's Antique Armour Shop.
  7934 | D:7      | Found a staircase to the Ecumenical Temple.
  7953 | D:7      | Noticed a troll
  7955 | Temple   | Entered the Ecumenical Temple
  8131 | Temple   | Became a worshipper of Warmaster Okawaru
  8228 | D:6      | You fall into a shaft and drop 1 floor!
  8516 | D:6      | You fall into a shaft and drop 3 floors!
  9265 | D:8      | Noticed a two-headed ogre
  9286 | D:6      | You fall into a shaft and drop 2 floors!
  9541 | D:7      | Noticed a hornet
  9553 | D:7      | Reached XP level 10. HP: 60/71 MP: 10/10
  9562 | D:7      | Reached skill level 1 in Air Magic
  9570 | D:7      | Reached skill level 5 in Conjurations
  9576 | D:7      | Gained mutation: You have sharp toenails. [hidden
                  | potential]
  9652 | D:7      | Reached skill level 5 in Fighting
  9658 | D:7      | Reached * piety under Okawaru
 10415 | D:8      | Noticed Pikel
 10450 | D:8      | Killed Pikel
 11050 | D:8      | Reached ** piety under Okawaru
 11947 | D:9      | Reached XP level 11. HP: 76/86 MP: 11/11
 12367 | D:9      | Found a staircase to the Lair.
 12559 | D:9      | Learned a level 1 spell: Magic Dart
 12572 | D:9      | Gained mutation: You have razor-sharp toenails. [hidden
                  | potential]
 12572 | D:9      | Lost mutation: You have hidden genetic potential. [hidden
                  | potential expressed]
 13336 | D:9      | Noticed Psyche
 13351 | D:9      | Killed Psyche
 13475 | D:10     | Entered Level 10 of the Dungeon
 13475 | D:10     | You fall into a shaft and drop 3 floors!
 13480 | D:13     | You fall into a shaft and drop 1 floor!
 13484 | D:14     | Noticed a centaur warrior
 13489 | D:14     | Noticed a manticore
 13490 | D:14     | Noticed a centaur warrior
 13495 | D:14     | Noticed a brown ugly thing
 13495 | D:14     | Noticed a brown ugly thing
 13495 | D:14     | Noticed a brown ugly thing
 13495 | D:14     | Noticed a brown ugly thing
 13495 | D:14     | You fall into a shaft and drop 1 floor!
 13495 | D:15     | Entered Level 15 of the Dungeon
 13495 | D:15     | Noticed an orc knight
 13495 | D:15     | Noticed a manticore
 13495 | D:15     | Noticed a deep elf pyromancer
 13495 | D:15     | Noticed a centaur warrior
 13495 | D:15     | Noticed a deep troll
 13496 | D:15     | Noticed an orc sorcerer
 13497 | D:15     | Noticed a boulder beetle
 13500 | D:15     | Killed a centaur warrior
 13500 | D:15     | Reached *** piety under Okawaru
 13501 | D:15     | Noticed a centaur warrior
 13502 | D:15     | HP: 2/89 [efreet/bolt of fire (5)]
 13503 | D:15     | Slain by a deep troll

Illustrated notes

Levels and vault maps discovered:
D:1:      dpeg_arrival_tiny_b, layout_basic, serial_shops, shop_statue,
          interstate_on_off
D:2:      layout_basic, shapermc_ecumenical_altar_mp_ritualfount,
          minmay_fractal_squares_5, uniq_jessica, uniq_robin
D:3:      layout_basic, minmay_misc_feat_diagonals, serial_park_tiny_pond,
          dk_noncrumbling_3
D:4:      layout_loops_ring, serial_shops, nicolae_shop_trees
D:5:      layout_basic, gammafunk_ghost_mausoleum
D:6:      nicolae_cairo_tiling_large_dashed, layout_cave_pools, serial_shops,
          shop, lexackson_kobold_supper, uniq_eustachio
D:7:      minmay_s_stair_smasher, layout_cave_pools,
          minmay_temple_entry_crystal_x, kennysheep_big_empty_room
D:8:      layout_basic, uniq_pikel
D:9:      old_forge, layout_loops_corners, lair_entry_dummy, uniq_psyche
D:10:     layout_cross, mainiacjoe_overflow_boulevard
D:13:     lemuel_reptile_caves, layout_cave_pools, serial_park,
          serial_park_square3 [serial_park_minivault_5x5_5], serial_park_square3
          [serial_park_minivault_5x5_3], serial_park_tiny_pond,
          serial_park_tiny_2, serial_park_square1 [serial_park_minivault_5x5_3]
D:14:     minmay_bubble_buster, layout_irregular_city, david_vaults_5,
          serial_shops, nicolae_shop_crystal, nicolae_stop_n_shop_1,
          kennysheep_mini, portal_ice_cave_entry_pillars_three,
          kennysheep_crisscross
D:15:     gammafunk_enter_depths_forms, layout_cave_pools,
          kiku_gazebo_garden_becter
Temple:   mainiacjoe_temple_starburst

Skill      XL: |  1  2  3  4  5  6  7  8  9 10 11 |
---------------+----------------------------------+-----
Shields        | 4 |  4.0
Polearms       | 3 4 5 6 7 9 10 | 10.8
Poison Magic   | 2 4 5 |  5.0
Conjurations   | 2 4 6 |  6.7
Fighting       | 7 9 |  9.1
Air Magic      | 3 4 |  4.3
Armour         | |  3.2
Dodging        | |  0.8

Action                   |  1- 3 |  4- 6 |  7- 9 | 10-12 || total
-------------------------+-------+-------+-------+-------++-------
Melee: Trident           |   109 |   192 |   449 |   332 ||  1082
Throw: Dart              |       |       |    21 |     6 ||    27
       Throwing net      |       |       |       |     1 ||     1
 Cast: Magic Dart        |       |       |       |     6 ||     6
       Mephitic Cloud    |       |       |       |     1 ||     1
 Abil: Dig               |       |       |     8 |       ||     8
       Shaft Self        |       |       |     3 |     2 ||     5
Evoke: Wand              |       |       |       |     3 ||     3
  Use: Potion            |       |     2 |     4 |     2 ||     8
       Scroll            |       |     4 |     5 |       ||     9
 Stab: Confused          |       |       |       |     2 ||     2
Armor: Scale mail        |    42 |    61 |     2 |       ||   105
       Ring mail         |       |       |   165 |    87 ||   252
Dodge: Dodged            |    35 |    65 |   172 |    78 ||   350
Block: Buckler           |    16 |    26 |   152 |    84 ||   278
       Reflection        |       |       |     8 |    10 ||    18

Table legend: (Time is in decaauts)
 A = Elapsed time spent in this place.
 B = Non-inter-level travel time spent in this place.
 C = Inter-level travel time spent in this place.
 D = Time resting spent in this place.
 E = Time spent auto-exploring this place.
 F = Levels seen in this place.
 G = Mean time per level.
                   A        B        C        D        E       F      G
               +--------+--------+--------+--------+--------+-----+--------+
         Total |  13393 |  12998 |    395 |   5284 |   5380 |  14 |  956.6 |
       Dungeon |  13164 |  12822 |    342 |   5284 |   5211 |  13 | 1012.6 |
        Temple |    229 |    176 |     53 |      0 |    169 |   1 |  229.0 |
               +--------+--------+--------+--------+--------+-----+--------+

Top non-repeatable levels by time:
     D:8: 2042 daAuts
     D:4: 1989 daAuts
     D:9: 1735 daAuts
     D:7: 1714 daAuts
     D:6: 1659 daAuts
     D:2: 1181 daAuts
     D:5: 1052 daAuts
     D:1: 943 daAuts
     D:3: 818 daAuts
  Temple: 229 daAuts
    D:14: 14 daAuts
    D:15: 7 daAuts
    D:13: 4 daAuts
